 Dungeon Sprint DCSS version 0.17-a0-1853-ge1bd2c8 (webtiles) character file.

33051 BluebellGnoll the Wrestler (level 13, -13/137 HPs)
             Began as a Ghoul Monk on Sept 20, 2015.
             Was the Champion of Yredelemnul.
             Killed from afar by a fire dragon (61 damage)
             ... with a blast of flame
             ... in the Dungeon (Sprint IX: "|||||||||||||||||||||||||||||").
             The game lasted 00:28:31 (2725 turns).

BluebellGnoll the Wrestler (Ghoul Monk)             Turns: 2725, Time: 00:28:32

Health: -13/137    AC: 39    Str: 16    XL:     13   Next: 68%
Magic:  19/19      EV:  2    Int:  9    God:    Yredelemnul [******]
Gold:   153        SH: 12    Dex: 14    Spells: 0 memorised, 12 levels left

rFire  . . .     SeeInvis .       - Unarmed
rCold  + . .     Clarity  .     O - +15 Maxwell's patent armour {-Cast -Tele rElec MR+ rCorr}
rNeg   + + +     SustAt   .     n - +1 large shield
rPois  ∞         Gourm    .     w - +0 helmet
rElec  +         Spirit   .     P - +1 cloak
rCorr  +         Warding  +     v - +0 pair of gloves
rMut   .         NoTele   +     m - +0 pair of boots
MR     +....     NoCast   +     s - amulet of warding
Stlth  ..........               J - ring of invisibility
                                o - +3 ring of dexterity

@: very slightly contaminated, rotting, wreathed by umbra, somewhat resistant to
hostile enchantments, extremely unstealthy
A: rotting body, claws 1, carnivore 3, cold resistance 1, negative energy
resistance 3, slow healing 1, torment resistance, unbreathing
a: Animate Dead, Recall Undead Slaves, Injury Mirror, Drain Life, Enslave Soul,
Renounce Religion, Evoke Invisibility


You were in the Dungeon.
You worshipped Yredelemnul.
Yredelemnul was exalted by your worship.
You were not hungry.

You visited 1 branch You collected 1915 gold pieces.
You spent 1762 gold pieces at shops.

Inventory:

Hand weapons
 D - a +0 blowgun
Missiles
 q - 27 arrows
 I - 5 curare-tipped needles
 R - 9 arrows of frost
Armour
 l - a +2 plate armour
 m - a +0 pair of boots (worn)
 n - a +1 large shield (worn)
 v - a +0 pair of gloves (worn)
 w - a +0 helmet (worn)
 y - a +2 robe of the Archmagi
 O - the +15 Maxwell's patent armour (worn) {-Cast -Tele rElec MR+ rCorr}
   (You found it in the Dungeon)

   It insulates you from electricity.
   It affects your resistance to hostile enchantments.
   It prevents spellcasting.
   It prevents most forms of teleportation.
   It protects you from acid and corrosion.
 P - a +1 cloak (worn)
Magical staves
 k - an uncursed staff of energy
Jewellery
 o - a +3 ring of dexterity (left hand)
 p - a +3 ring of dexterity
 s - an amulet of warding (around neck)
 E - an uncursed ring of ice
 F - a +2 ring of intelligence
 G - an uncursed ring of protection from cold
 H - an uncursed ring of fire
 J - a ring of invisibility (right hand)
 K - an uncursed ring of see invisible
 L - an uncursed amulet of resist corrosion
 M - an uncursed ring of sustain attributes
Magical devices
 j - a wand of cold (7)
 x - a wand of frost (16)
Scrolls
 a - a scroll of magic mapping
 g - 7 scrolls of remove curse
 h - 4 scrolls of blinking
 i - 2 scrolls of amnesia
 r - 3 scrolls of fog
 t - 6 scrolls of identify
 u - 3 scrolls of fear
 A - 2 scrolls of immolation
 B - a scroll of recharging
 C - a scroll of enchant armour
Potions
 c - 7 potions of curing
 d - 11 potions of heal wounds
 e - a potion of invisibility
 f - 4 potions of magic
 Q - 2 potions of resistance
Comestibles
 b - 16 meat rations
 z - 3 chunks of flesh
 N - 5 beef jerkies


   Skills:
 * Level 19.3 Fighting
 * Level 15.6 Armour
 - Level 2.6 Dodging
 - Level 8.5 Stealth
 - Level 21.7 Unarmed Combat
 - Level 9.9 Invocations
 - Level 9.0 Evocations


You had 12 spell levels left.
You didn't know any spells.

Dungeon Overview and Level Annotations

Branches:
Dungeon (1/1)

Altars:
Cheibriados
Dithmenos
Elyvilon
Fedhas
Gozag
Kikubaaqudgha
Makhleb
Nemelex Xobeh
Okawaru
Qazlal
Ru
Sif Muna
Trog
Vehumet
Xom
Yredelemnul
Zin
The Shining One
Beogh
Jiyva
Lugonu

Shops:
D =?%


Innate Abilities, Weirdness & Mutations

Your body is rotting away.
You thrive on raw meat.
You are immune to poison.
You have sharp fingernails.
You are carnivorous and can eat meat at any time.
Your flesh is cold resistant.
You are immune to negative energy.
You heal slowly when monsters are visible.
You are immune to unholy pain and torment.
You can survive without breathing.


Message History

You miss the hell knight.
The hell knight is moderately wounded.
You block the hell knight's attack.
You catch the helpless hell knight completely off-guard!
You squash the hell knight like an ant!!!
The hell knight is almost dead.
You catch the helpless hell knight completely off-guard!
You punch the hell knight!
You kill the hell knight!
Yredelemnul accepts your kill.
You flicker back into view.
A yaktaur captain comes into view.
The yaktaur captain shouts!
You punch the fire dragon!
The fire dragon is lightly wounded.
The fire dragon breathes flames at you.
The blast of flame hits the fire dragon.
The fire dragon resists.
The blast of flame hits you!
You die...
Yredelemnul claims you as an undead slave.

▓W▓.▓n▓W▓.▓.▓Z▓W▓.
▓W▓.▓n▓W▓.▓.▓)▓W▓.
▓V▓.▓n▓W▓.▓.▓)▓W▓)
▓V▓.▓W▓W▓)▓.▓.▓W▓.
▓D▓.▓Z▓W▓)▓.▓)▓W▓.
▓A▓.▓Z▓W▓)▓.▓)▓W▓.
▓A▓.▓Z▓W▓)▓.▓)▓Z▓.
▓n▓.▓W▓W▓)▓.▓)▓.▓)
▓@▓.▓V▓W▓)▓.▓Z▓Z▓.
▓D▓.▓n▓W▓Z▓.▓.▓.▓'
▓.▓.▓n▓W▓Z▓.▓)▓.▓)
▓.▓.▓V▓W▓Z▓.▓)▓.▓.
▓D▓.▓V▓W▓Z▓.▓.▓.▓.
▓D▓.▓z▓W▓Z▓.▓V▓.▓.
▓T▓.▓V▓W▓W▓.▓.▓.▓.
▓c▓.▓W▓W▓z▓.▓n▓.▓.
▓.▓V▓W▓V▓.▓)▓.▓.


You could see 3 fire dragons, a yaktaur captain, a deep troll earth mage, a
friendly bone dragon, 2 friendly profane servitors, a friendly ghoul, 2 friendly
vampire knights and a friendly flayed ghost.

Vanquished Creatures
  A tengu reaver (D)
  2 stone giants (D)
  An ettin (D)
  Josephine (D)
  A great orb of eyes (D)
  An ice dragon (D)
  An alligator snapping turtle (D)
  2 centaur warriors (D)
  4 ogre magi (D)
  2 anacondas (D)
  5 death yaks (D)
  A satyr (D)
  An alligator (D)
  An orc high priest (D)
  A hell knight (D)
  Sonja (D)
  A sea snake (D)
  An ugly thing (D)
  An orb spider (D)
  3 griffons (D)
  2 orc sorcerers (D)
  A manticore (D)
  2 harpies (D)
  A black mamba (D)
  A spiny frog (D)
  A demonic crawler (D)
  A merfolk (D)
  A boulder beetle (D)
  A blink frog (D)
  3 two-headed ogres (D)
  A giant leech (D)
  A jumping spider (D)
  A snapping turtle (D)
  Eustachio (D)
  A deep elf mage (D)
  A vampire mosquito (D)
  4 wraiths (D)
  4 yaks (D)
  4 water moccasins (D)
  2 swamp drakes (D)
  9 orc warriors (D)
  4 ogres (D)
  4 porcupines (D)
  A wasp (D)
  A big kobold (D)
  A crocodile (D)
  3 crimson imps (D)
  An orc priest (D)
  A hound (D)
  5 worker ants (D)
  4 orc wizards (D)
  A sheep (D)
  2 iguanas (D)
  A river rat (D)
  An adder zombie (D)
  8 orcs (D)
  A giant cockroach (D)
  A kobold (D)
  3 giant newts (D)
  A jackal (D)
  A quokka skeleton (D)
120 creatures vanquished.

Vanquished Creatures (collateral kills)
  A very ugly thing (D)
  An ogre mage (D)
  3 shock serpents (D)
  A giant orange brain (D)
  An orb spider (D)
  An ugly thing (D)
  A naga mage (D)
  A black mamba (D)
  A kobold demonologist (D)
  A slime creature (D)
  3 jumping spiders (D)
  A basilisk (D)
  A tarantella (D)
  A naga (D)
  A water moccasin (D)
  A phantom (D)
  A boggart (D)
  2 ogres (D)
  A giant frog (D)
  An orc wizard (D)
25 creatures vanquished.

Vanquished Creatures (others)
  A hydra (D)
  A skeletal warrior (D)
  An unseen horror (D)
  A flayed ghost (D)
  A phantasmal warrior (D)
  A two-headed ogre (D)
  2 flying skulls (D)
  4 vampires (D)
  A swamp drake (D)
  A wasp (D)
  2 wights (D)
  An ogre zombie (D)
  2 mummies (D)
  An orc zombie (D)
20 creatures vanquished.

Grand Total: 165 creatures vanquished

Notes
Turn   | Place    | Note
--------------------------------------------------------------
     0 | D        | BluebellGnoll the Ghoul Monk began the quest for the Orb.
     0 | D        | Reached XP level 1. HP: 19/19 MP: 0/0
     5 | D        | Reached skill level 5 in Unarmed Combat
    38 | D        | Noticed a worker ant
    38 | D        | Noticed a worker ant
    38 | D        | Noticed a crimson imp
    38 | D        | Noticed an ogre
    38 | D        | Noticed a crimson imp
    48 | D        | Killed a worker ant
    48 | D        | Reached skill level 8 in Unarmed Combat
    48 | D        | Reached XP level 2. HP: 10/26 MP: 1/1
    48 | D        | Reached XP level 3. HP: 11/31 MP: 2/2
    52 | D        | Killed a worker ant
    52 | D        | Reached skill level 9 in Unarmed Combat
    63 | D        | Killed a crimson imp
    63 | D        | Reached skill level 10 in Unarmed Combat
    63 | D        | Reached XP level 4. HP: 19/38 MP: 3/3
    65 | D        | Killed a crimson imp
    65 | D        | Reached XP level 5. HP: 21/47 MP: 4/4
    78 | D        | Killed an ogre
    78 | D        | Reached skill level 5 in Armour
   105 | D        | Found a glowing silver altar of Zin.
   105 | D        | Found a glowing golden altar of the Shining One.
   105 | D        | Found an ancient bone altar of Kikubaaqudgha.
   105 | D        | Found a basalt altar of Yredelemnul.
   105 | D        | Found a shimmering altar of Xom.
   105 | D        | Found a radiant altar of Vehumet.
   106 | D        | Found an iron altar of Okawaru.
   107 | D        | Found a burning altar of Makhleb.
   108 | D        | Found a deep blue altar of Sif Muna.
   109 | D        | Found a bloodstained altar of Trog.
   110 | D        | Found a sparkling altar of Nemelex Xobeh.
   111 | D        | Became a worshipper of Yredelemnul the Dark
   111 | D        | Acquired Yredelemnul's first power
   111 | D        | Acquired Yredelemnul's second power
   112 | D        | Found a white marble altar of Elyvilon.
   113 | D        | Found a roughly hewn altar of Beogh.
   114 | D        | Found a viscous altar of Jiyva.
   115 | D        | Found a corrupted altar of Lugonu.
   116 | D        | Found a blossoming altar of Fedhas.
   117 | D        | Found a snail-covered altar of Cheibriados.
   118 | D        | Found a shadowy altar of Dithmenos.
   119 | D        | Found a stormy altar of Qazlal.
   120 | D        | Found an opulent altar of Gozag.
   121 | D        | Found a sacrificial altar of Ru.
   175 | D        | Noticed a worker ant
   175 | D        | Noticed a big kobold
   175 | D        | Noticed a worker ant
   175 | D        | Noticed a worker ant
   175 | D        | Noticed a hound
   182 | D        | Killed a worker ant
   182 | D        | Reached XP level 6. HP: 56/60 MP: 5/5
   197 | D        | Killed a big kobold
   200 | D        | Killed a worker ant
   202 | D        | Killed a worker ant
   202 | D        | Acquired Yredelemnul's third power
   208 | D        | Killed a hound
   245 | D        | Noticed an ogre
   245 | D        | Noticed a deep elf mage
   245 | D        | Noticed a centaur warrior
   245 | D        | Noticed a phantom
   245 | D        | Noticed a basilisk
   245 | D        | Noticed an orc wizard
   256 | D        | Killed an ogre
   256 | D        | Reached XP level 7. HP: 45/71 MP: 6/6
   256 | D        | Received a gift from Yredelemnul
   265 | D        | Killed a deep elf mage
   265 | D        | Reached skill level 10 in Fighting
   278 | D        | Killed a phantom
   279 | D        | Killed a centaur warrior
   279 | D        | Reached skill level 12 in Fighting
   279 | D        | Reached skill level 10 in Armour
   279 | D        | Reached XP level 8. HP: 27/85 MP: 7/7
   296 | D        | Killed a basilisk
   296 | D        | Acquired Yredelemnul's fourth power
   296 | D        | Reached skill level 13 in Fighting
   298 | D        | Killed an orc wizard
   449 | D        | Noticed an iguana
   449 | D        | Noticed an iguana
   449 | D        | Noticed a water moccasin
   449 | D        | Noticed a porcupine
   449 | D        | Noticed a water moccasin
   449 | D        | Noticed a porcupine
   457 | D        | Killed an iguana
   460 | D        | Killed an iguana
   460 | D        | Received a gift from Yredelemnul
   461 | D        | Noticed a griffon
   464 | D        | Noticed a water moccasin
   470 | D        | Noticed a porcupine
   489 | D        | Killed a griffon
   489 | D        | Reached XP level 9. HP: 41/93 MP: 8/8
   492 | D        | Killed a water moccasin
   493 | D        | Received a gift from Yredelemnul
   497 | D        | Killed a porcupine
   505 | D        | Killed a water moccasin
   509 | D        | Killed a porcupine
   509 | D        | Reached skill level 14 in Unarmed Combat
   509 | D        | Received a gift from Yredelemnul
   531 | D        | Killed a water moccasin
   541 | D        | Killed a porcupine
   541 | D        | Acquired Yredelemnul's fifth power
   755 | D        | Noticed a spiny frog
   755 | D        | Noticed a water moccasin
   755 | D        | Noticed a water moccasin
   755 | D        | Noticed a porcupine
   757 | D        | Killed a spiny frog
   757 | D        | Reached skill level 15 in Unarmed Combat
   762 | D        | Killed a water moccasin
   762 | D        | Received a gift from Yredelemnul
   767 | D        | Killed a water moccasin
   775 | D        | Killed a porcupine
   775 | D        | Reached skill level 16 in Unarmed Combat
   776 | D        | Noticed a yak
   777 | D        | Noticed a blink frog
   779 | D        | Noticed a crocodile
   784 | D        | Killed a yak
   784 | D        | Reached XP level 10. HP: 82/101 MP: 9/9
   784 | D        | Received a gift from Yredelemnul
   789 | D        | Killed a crocodile
   799 | D        | Killed a blink frog
   827 | D        | Noticed a death yak
   827 | D        | Noticed a death yak
   827 | D        | Noticed a death yak
   827 | D        | Noticed a death yak
   827 | D        | Noticed a yak
   827 | D        | Noticed a yak
   834 | D        | Noticed a death yak
   835 | D        | Killed a death yak
   843 | D        | Noticed a yak
   845 | D        | Killed a death yak
   845 | D        | Reached skill level 5 in Evocations
   845 | D        | Received a gift from Yredelemnul
   852 | D        | Killed a death yak
   859 | D        | Killed a death yak
   867 | D        | Killed a death yak
   867 | D        | Reached XP level 11. HP: 29/107 MP: 11/17
   871 | D        | Killed a yak
   871 | D        | Received a gift from Yredelemnul
   875 | D        | Killed a yak
   881 | D        | Killed a yak
  1001 | D        | Noticed a wraith
  1002 | D        | Noticed Eustachio
  1003 | D        | Noticed Josephine
  1004 | D        | Noticed a wraith
  1005 | D        | Noticed a wraith
  1011 | D        | Killed a wraith
  1012 | D        | Noticed a wraith
  1020 | D        | Killed Josephine
  1020 | D        | Reached skill level 17 in Unarmed Combat
  1033 | D        | Killed a wraith
  1039 | D        | Killed a wraith
  1044 | D        | Killed a wraith
  1044 | D        | Reached skill level 18 in Unarmed Combat
  1056 | D        | Killed Eustachio
  1056 | D        | Received a gift from Yredelemnul
  1153 | D        | Noticed an orc sorcerer
  1153 | D        | Noticed an orc priest
  1153 | D        | Noticed an orc wizard
  1156 | D        | Killed an orc sorcerer
  1161 | D        | Noticed an orc sorcerer
  1161 | D        | Reached skill level 5 in Stealth
  1165 | D        | Killed an orc priest
  1165 | D        | Received a gift from Yredelemnul
  1165 | D        | Received a gift from Yredelemnul
  1166 | D        | Noticed an orc wizard
  1168 | D        | Killed an orc wizard
  1172 | D        | Noticed an orc wizard
  1174 | D        | Killed an orc sorcerer
  1174 | D        | Received a gift from Yredelemnul
  1176 | D        | Killed an orc wizard
  1189 | D        | Killed an orc wizard
  1191 | D        | Received a gift from Yredelemnul
  1191 | D        | Received a gift from Yredelemnul
  1265 | D        | Noticed an orc warrior
  1265 | D        | Noticed an orc warrior
  1265 | D        | Noticed an orc warrior
  1265 | D        | Noticed an orc warrior
  1265 | D        | Noticed an orc warrior
  1268 | D        | Killed an orc warrior
  1269 | D        | Noticed an orc high priest
  1274 | D        | Killed an orc warrior
  1275 | D        | Noticed an orc warrior
  1276 | D        | Noticed an orc warrior
  1277 | D        | Killed an orc warrior
  1280 | D        | Killed an orc warrior
  1282 | D        | Killed an orc warrior
  1284 | D        | Noticed an orc warrior
  1286 | D        | Noticed an orc warrior
  1287 | D        | Noticed an orc wizard
  1299 | D        | Killed an orc high priest
  1305 | D        | Killed an orc warrior
  1311 | D        | Killed an orc warrior
  1311 | D        | Received a gift from Yredelemnul
  1314 | D        | Killed an orc warrior
  1314 | D        | Received a gift from Yredelemnul
  1320 | D        | Killed an orc warrior
  1326 | D        | Killed an orc wizard
  1446 | D        | Found Zyguweno's Jewellery Emporium.
  1446 | D        | Noticed an ogre mage
  1446 | D        | Noticed a two-headed ogre
  1446 | D        | Noticed a two-headed ogre
  1446 | D        | Noticed an ogre mage
  1446 | D        | Noticed an ogre
  1447 | D        | Noticed an ogre
  1448 | D        | Noticed a two-headed ogre
  1451 | D        | Killed an ogre mage
  1451 | D        | Reached skill level 19 in Unarmed Combat
  1451 | D        | Received a gift from Yredelemnul
  1452 | D        | Found Eruepn's Magic Scroll Shoppe.
  1453 | D        | Noticed a two-headed ogre
  1453 | D        | Killed a two-headed ogre
  1454 | D        | Noticed an ogre
  1456 | D        | Killed an ogre mage
  1457 | D        | Found Lexafe's Magic Scroll Emporium.
  1458 | D        | Noticed an ogre mage
  1459 | D        | Killed a two-headed ogre
  1459 | D        | Reached skill level 20 in Unarmed Combat
  1461 | D        | Killed an ogre
  1462 | D        | Received a gift from Yredelemnul
  1463 | D        | Noticed an ogre mage
  1463 | D        | Killed a two-headed ogre
  1465 | D        | Found Zossubuy's Food Shoppe.
  1469 | D        | Killed an ogre mage
  1469 | D        | Reached XP level 12. HP: 47/115 MP: 18/18
  1469 | D        | Killed a two-headed ogre
  1473 | D        | Killed an ogre mage
  1473 | D        | Reached skill level 21 in Unarmed Combat
  1475 | D        | Killed an ogre
  1476 | D        | Killed an ogre
  1477 | D        | Received a gift from Yredelemnul
  1527 | D        | Noticed an ogre mage
  1528 | D        | Noticed an ogre
  1536 | D        | Killed an ogre mage
  1538 | D        | Killed an ogre
  1538 | D        | Received a gift from Yredelemnul
  1538 | D        | Received a gift from Yredelemnul
  1538 | D        | Received a gift from Yredelemnul
  1555 | D        | Bought a scroll of identify for 20 gold pieces
  1555 | D        | Bought a scroll of identify for 20 gold pieces
  1566 | D        | Bought a scroll of remove curse for 30 gold pieces
  1566 | D        | Bought a scroll of remove curse for 30 gold pieces
  1566 | D        | Bought a scroll of fog for 20 gold pieces
  1566 | D        | Bought a scroll of remove curse for 30 gold pieces
  1566 | D        | Bought a scroll of immolation for 35 gold pieces
  1566 | D        | Bought a scroll of random uselessness for 10 gold pieces
  1569 | D        | Bought a scroll of recharging for 95 gold pieces
  1569 | D        | Bought a scroll of remove curse for 30 gold pieces
  1569 | D        | Bought a scroll of immolation for 35 gold pieces
  1569 | D        | Bought a scroll of enchant armour for 75 gold pieces
  1569 | D        | Bought a scroll of identify for 20 gold pieces
  1577 | D        | Bought a meat ration for 50 gold pieces
  1577 | D        | Bought a meat ration for 50 gold pieces
  1577 | D        | Bought a meat ration for 50 gold pieces
  1648 | D        | Noticed Sonja
  1660 | D        | Killed Sonja
  1793 | D        | Bought an uncursed ring of invisibility for 390 gold pieces
  1793 | D        | Bought an uncursed ring of see invisible for 195 gold pieces
  1793 | D        | Bought an uncursed amulet of resist corrosion for 260 gold pieces
  1793 | D        | Bought an uncursed ring of sustain attributes for 227 gold pieces
  1799 | D        | Bought a beef jerky for 15 gold pieces
  1799 | D        | Bought 3 beef jerkies for 45 gold pieces
  1799 | D        | Bought a beef jerky for 15 gold pieces
  1799 | D        | Bought a slice of pizza for 15 gold pieces
  2036 | D        | Noticed a manticore
  2036 | D        | Noticed a centaur warrior
  2036 | D        | Noticed a giant frog
  2038 | D        | Noticed a crimson imp
  2039 | D        | Noticed a kobold demonologist
  2040 | D        | Noticed a stone giant
  2044 | D        | Killed a manticore
  2049 | D        | Killed a centaur warrior
  2050 | D        | Killed a crimson imp
  2051 | D        | Noticed an ice dragon
  2053 | D        | Killed a giant frog
  2054 | D        | Killed an unseen horror
  2061 | D        | Noticed a boggart
  2069 | D        | Killed a stone giant
  2069 | D        | Received a gift from Yredelemnul
  2072 | D        | Noticed a red ugly thing
  2076 | D        | Noticed a slime creature
  2079 | D        | Noticed a cyan very ugly thing
  2094 | D        | Killed an ice dragon
  2101 | D        | Killed a cyan very ugly thing
  2102 | D        | Received a gift from Yredelemnul
  2105 | D        | Killed a cyan ugly thing
  2107 | D        | Killed a kobold demonologist
  2109 | D        | Noticed a giant orange brain
  2111 | D        | Killed a slime creature
  2112 | D        | Received a gift from Yredelemnul
  2112 | D        | Killed a boggart
  2115 | D        | Killed a giant orange brain
  2116 | D        | Received a gift from Yredelemnul
  2273 | D        | Noticed a jumping spider
  2273 | D        | Noticed a boulder beetle
  2273 | D        | Noticed a jumping spider
  2273 | D        | Noticed a demonic crawler
  2273 | D        | Noticed a jumping spider
  2273 | D        | Noticed an orb spider
  2275 | D        | Killed a jumping spider
  2276 | D        | Noticed a tarantella
  2278 | D        | Noticed an orb spider
  2281 | D        | Killed a boulder beetle
  2285 | D        | Noticed a jumping spider
  2288 | D        | Killed a demonic crawler
  2297 | D        | Killed an orb spider
  2297 | D        | Reached skill level 15 in Fighting
  2298 | D        | Killed a tarantella
  2299 | D        | Received a gift from Yredelemnul
  2303 | D        | Killed an orb spider
  2304 | D        | Killed a jumping spider
  2313 | D        | Killed a jumping spider
  2322 | D        | Killed a jumping spider
  2323 | D        | Received a gift from Yredelemnul
  2357 | D        | Noticed a griffon
  2357 | D        | Noticed a merfolk
  2357 | D        | Noticed a sea snake
  2357 | D        | Noticed a griffon
  2357 | D        | Noticed an alligator snapping turtle
  2357 | D        | Noticed a harpy
  2358 | D        | Noticed a snapping turtle
  2362 | D        | Killed a griffon
  2364 | D        | Killed a merfolk
  2367 | D        | Killed a sea snake
  2368 | D        | Noticed a satyr
  2374 | D        | Killed a griffon
  2375 | D        | Noticed a harpy
  2382 | D        | Killed an alligator snapping turtle
  2382 | D        | Reached XP level 13. HP: 81/128 MP: 19/19
  2383 | D        | Killed a harpy
  2392 | D        | Killed a snapping turtle
  2397 | D        | Killed a satyr
  2400 | D        | Killed a harpy
  2455 | D        | Noticed a shock serpent
  2455 | D        | Noticed a shock serpent
  2455 | D        | Noticed an anaconda
  2455 | D        | Noticed an anaconda
  2455 | D        | Noticed a shock serpent
  2455 | D        | Noticed a naga mage
  2458 | D        | Killed an anaconda
  2459 | D        | Received a gift from Yredelemnul
  2459 | D        | Noticed a black mamba
  2460 | D        | Noticed a naga
  2468 | D        | Killed an anaconda
  2470 | D        | Killed a shock serpent
  2477 | D        | Killed a shock serpent
  2480 | D        | Killed a shock serpent
  2482 | D        | Killed a naga mage
  2483 | D        | Received a gift from Yredelemnul
  2483 | D        | Killed a black mamba
  2485 | D        | Noticed a black mamba
  2489 | D        | Killed a naga
  2493 | D        | Killed a black mamba
  2493 | D        | Received a gift from Yredelemnul
  2527 | D        | Noticed an alligator
  2527 | D        | Noticed a six-headed hydra
  2527 | D        | Noticed a swamp drake
  2527 | D        | Noticed a wasp
  2527 | D        | Noticed a wasp
  2527 | D        | Noticed a swamp drake
  2528 | D        | Noticed a giant leech
  2531 | D        | Killed a wasp
  2531 | D        | Killed a swamp drake
  2531 | D        | Killed a wasp
  2531 | D        | Killed a six-headed hydra
  2532 | D        | Killed an alligator
  2533 | D        | Noticed a vampire mosquito
  2535 | D        | Killed a swamp drake
  2536 | D        | Noticed a swamp drake
  2542 | D        | Killed a giant leech
  2548 | D        | Killed a vampire mosquito
  2550 | D        | Killed a swamp drake
  2680 | D        | Noticed a stone giant
  2680 | D        | Noticed a tengu reaver
  2680 | D        | Noticed a great orb of eyes
  2680 | D        | Noticed an ettin
  2680 | D        | Noticed a brown ugly thing
  2680 | D        | Noticed a hell knight
  2681 | D        | Noticed a fire dragon
  2689 | D        | Killed a stone giant
  2689 | D        | Received a gift from Yredelemnul
  2690 | D        | Noticed a fire dragon
  2693 | D        | Killed a tengu reaver
  2693 | D        | Reached skill level 15 in Armour
  2698 | D        | Noticed a fire dragon
  2702 | D        | Killed a great orb of eyes
  2703 | D        | Noticed a deep troll earth mage
  2709 | D        | Killed an ettin
  2719 | D        | Killed a cyan ugly thing
  2719 | D        | Received a gift from Yredelemnul
  2724 | D        | Killed a hell knight
  2725 | D        | Noticed a yaktaur captain
  2725 | D        | Killed from afar by a fire dragon

Vault maps used:
D:        linesprint

Action                   |  1- 3 |  4- 6 |  7- 9 | 10-12 | 13-15 || total
-------------------------+-------+-------+-------+-------+-------++-------
Melee: Unarmed           |    22 |    50 |    94 |   304 |    86 ||   556
Invok: Injury Mirror     |       |     1 |     2 |     8 |     3 ||    14
       Animate Dead      |       |       |     1 |    11 |     5 ||    17
       Drain Life        |       |       |       |       |     2 ||     2
 Abil: Evoke Invisibilit |       |       |       |     1 |     1 ||     2
  Use: Potion            |     1 |       |       |       |       ||     1
 Stab: Invisible         |       |       |       |     3 |     9 ||    12
       Confused          |       |       |       |       |     1 ||     1
  Eat: Chunk             |     4 |     7 |    16 |    48 |    15 ||    90
